 Dungeon Crawl Stone Soup version 0.26-a0-597-gb535b0901c (webtiles) character file.

Game seed: 4850788854909036468

196273 Lugonue the Eclecticist (level 18, -3/86 HPs)
             Began as a Vine Stalker Transmuter on Sept 9, 2020.
             Was an Initiate of Gozag.
             Incinerated by a smoke demon (6 damage)
             ... with a sticky flame
             ... on level 3 of the Elven Halls.
             The game lasted 01:48:07 (29894 turns).

Lugonue the Eclecticist (Vine Stalker Transmuter)  Turns: 29894, Time: 01:48:08

Health: -3/86      AC: 24    Str: 18    XL:     18   Next: 36%
Magic:  0/41       EV: 18    Int: 34    God:    Gozag
Gold:   1507       SH:  8    Dex: 17    Spells: 18/53 levels left

rFire    . . .     SeeInvis .     - Unarmed
rCold    + . .     Faith    .   L - +2 buckler {AC+3}
rNeg     . . .     Spirit   +   Q - +4 robe of Augmentation {Str+4 Int+4 Dex+4}
rPois    +         Reflect  .   t - +2 helmet
rElec    .         Harm     .   w - +2 cloak
rCorr    .                      s - +1 pair of gloves
MR       ++...                  F - +2 pair of boots {Fly}
Stlth    ++........             T - amulet of Meadutag {RegenMP Int+4}
HPRegen  1.04/turn              i - +4 ring of protection
MPRegen  0.52/turn              U - ring of Atheism {+Blink rPois rC+ Int+9 Dex-5}

@: liquid flames, no potions, flying, glowing, studying Poison Magic
A: fangs 3, deformed body, regeneration 2, magic shield, antimagic bite, no
potion heal 3, rot immunity
}: 1/15 runes: decaying
a: Potion Petition, Call Merchant, Bribe Branch, Renounce Religion, Evoke Blink,
Stop Flying


You were on level 3 of the Elven Halls.
You worshipped Gozag.
Gozag was most pleased with you.
You visited 7 branches of the dungeon, and saw 29 of its levels.
You also visited: Sewer, Ossuary and Ice Cave.

You collected 11636 gold pieces.
You spent 8328 gold pieces at shops.
You paid 1801 gold pieces to Gozag.

Inventory:

Missiles
 y - 2 throwing nets (quivered)
Armour
 s - a +1 pair of gloves (worn)
 t - a +2 helmet (worn)
 w - a +2 cloak (worn)
 F - a +2 pair of boots of flying (worn)
 L - a +2 buckler of protection (worn)
 Q - the +4 robe of Augmentation (worn) {Str+4 Int+4 Dex+4}
   (You bought it in a shop on level 3 of the Lair of Beasts)

   It affects your strength (+4).
   It affects your intelligence (+4).
   It affects your dexterity (+4).
Jewellery
 c - an uncursed ring of magical power
 i - a +4 ring of protection (left hand)
 q - an uncursed ring of resist corrosion
 z - an uncursed ring of see invisible
 C - an uncursed amulet of reflection
 J - an uncursed ring of wizardry
 M - an uncursed ring of poison resistance
 T - the amulet of Meadutag (around neck) {RegenMP Int+4}
   (You acquired it on level 3 of the Swamp)

   [amulet of magic regeneration]

   It increases your magic regeneration.
   It affects your intelligence (+4).
 U - the ring of Atheism (right hand) {+Blink rPois rC+ Int+9 Dex-5}
   (You bought it in a shop on level 3 of the Lair of Beasts)

   [ring of protection from cold]

   It affects your intelligence (+9).
   It affects your dexterity (-5).
   It protects you from cold.
   It protects you from poison.
   It lets you blink.
Wands
 j - a wand of acid (1)
 o - a wand of paralysis (20)
 r - a wand of iceblast (16)
 u - a wand of random effects (34)
 x - a wand of disintegration (31)
 E - a wand of polymorph (6)
 V - a wand of enslavement (7)
Scrolls
 f - 5 scrolls of blinking
 m - 4 scrolls of teleportation
 p - 2 scrolls of amnesia
 A - 3 scrolls of silence
 B - 8 scrolls of remove curse
 G - a scroll of holy word
 H - a scroll of fear
 P - a scroll of enchant armour
 R - 2 scrolls of fog
 S - 2 scrolls of identify
 W - a scroll of magic mapping
Potions
 b - 4 potions of invisibility
 d - 3 potions of might
 e - 11 potions of ambrosia
 g - 3 potions of mutation
 h - 11 potions of curing
 k - 7 potions of brilliance
 n - a potion of berserk rage
 v - 6 potions of resistance
 I - a potion of magic
 N - a potion of stabbing
 O - 2 potions of haste
Books
 a - a manual of Poison Magic
Miscellaneous
 l - a tin of tremorstones (3/3)
 D - a condenser vane (2/2)
 K - a phantom mirror
 X - a lightning rod (4/4)
 Y - a box of beasts (3/3)


   Skills:
 + Level 5.8 Fighting
 - Level 6.6 Armour
 - Level 8.1 Dodging
 - Level 10.0 Stealth
 - Level 5.0 Shields
 - Level 10.0 Unarmed Combat
 + Level 18.3 Spellcasting
 - Level 11.6 Transmutations
 - Level 10.0 Ice Magic
 * Level 13.5 Air Magic
 - Level 0.3 Poison Magic
 - Level 5.0 Evocations


You had 18 spell levels left.
You knew the following spells:

 Your Spells              Type           Power        Failure   Level
a - Beastly Appendage     Tmut           ######       0%          1
b - Spider Form           Tmut/Pois      ######....   1%          3
c - Blade Hands           Tmut           #######...   1%          5
d - Freezing Cloud        Conj/Ice/Air   ######....   7%          6
e - Ozocubu's Refrigerat  Ice            #######...   2%          6
f - Airstrike             Air            #######...   1%          4
g - Silence               Hex/Air        ######....   1%          5
h - Lightning Bolt        Conj/Air       ######....   1%          5

Your spell library contained the following spells:

 Spells                   Type           Power        Failure   Level
 Swiftness                Air            #######.     0%          2
 Wereblood                Tmut           #######.     0%          2
 Corona                   Hex            ####...      1%          1
 Foxfire                  Conj/Fire      ####         1%          1
 Magic Dart               Conj           ####         1%          1
 Shock                    Conj/Air       ####         1%          1
 Searing Ray              Conj           ####..       1%          2
 Slow                     Hex            ####....     1%          2
 Static Discharge         Conj/Air       ######..     1%          3
 Ice Form                 Ice/Tmut       #######.     1%          4
 Yara's Violent Unravell  Hex/Tmut       ######....   2%          5
 Conjure Flame            Conj/Fire      ####....     3%          3
 Dazzling Flash           Conj/Hex       ####..       3%          3
 Inner Flame              Hex/Fire       ####....     3%          3
 Portal Projectile        Hex/Tloc       ####..       3%          3
 Metabolic Englaciation   Hex/Ice        ######....   4%          5
 Cause Fear               Hex            ####......   11%         4
 Fulminant Prism          Conj/Hex       ####......   11%         4
 Iskenderun's Mystic Bla  Conj/Tloc      ####....     11%         4
 Leda's Liquefaction      Hex/Erth       ####......   11%         4
 Sticky Flame             Conj/Fire      ####....     11%         4
 Simulacrum               Ice/Necr       ######....   22%         6
 Bolt of Magma            Conj/Fire/Erth ####......   30%         5
 Fireball                 Conj/Fire      ####......   30%         5
 Iskenderun's Battlesphe  Conj           ####....     30%         5
 Summon Demon             Summ           ####......   30%         5
 Summon Forest            Summ/Tloc      ####......   30%         5
 Summon Mana Viper        Hex/Summ       ####....     30%         5
 Iron Shot                Conj/Erth      ####......   86%         6
 Shadow Creatures         Summ           N/A          86%         6
 Orb of Destruction       Conj           ####......   100%        7
 Spellforged Servitor     Conj/Summ      ####......   100%        7
 Summon Hydra             Summ           ####......   100%        7
 Discord                  Hex            ####......   100%        8


Dungeon Overview and Level Annotations

Branches:
Dungeon (12/15)            Temple (1/1) D:4            Lair (6/6) D:9
  Swamp (4/4) Lair:2       Spider (1/4) Lair:3        Slime (0/5) Lair:5
    Orc (2/2) D:12            Elf (3/3) Orc:2         Sewer (visited)
Ossuary (visited)           IceCv (visited)

Altars:
Ashenzari
Cheibriados
Dithmenos
Elyvilon
Fedhas
Gozag
Hepliaklqana
Kikubaaqudgha
Makhleb
Nemelex Xobeh
Okawaru
Qazlal
Ru
Sif Muna
Trog
Uskayaw
Vehumet
Wu Jian
Xom
Yredelemnul
Zin
The Shining One
Beogh

Shops:
D:6 *   D:7 [*}(   D:8 *   D:9 }   Orc:2 :([*   Elf:1 }   Lair:3 =*   Swamp:3 ?

Annotations:
D:7 1 runed translucent door, Tenar's ghost, novice FoFi
Lair:4 1 runed translucent door, Hiceoc's ghost, journeyman FeBe
Swamp:4 3 runed translucent doors, SatoMori's ghost, journeyman MiBe
Spider:1 Nikola
Elf:2 5 runed translucent doors


Innate Abilities, Weirdness & Mutations

You have razor-sharp teeth.
You heal very quickly.
When hurt, damage is shared between your health and your magic reserves.
Your bite disrupts and absorbs the magic of your enemies.
Potions cannot restore your health.
You are immune to rotting.
Armour fits poorly on your strangely shaped body.


Message History

The smoke demon gestures at you. Something smites you!
* * * LOW HITPOINT WARNING * * *
The deep elf mage casts a spell.
The smoke demon completely misses you. You block the smoke demon's attack.
The smoke demon closely misses you.
Press: ? - help, Dir - move target cursor, p - smoke demon
As you read the scroll of blinking, it crumbles to dust.
You are covered in liquid flames!
* * * LOW HITPOINT WARNING * * *
You cannot drink potions in your current state!
Unknown command.
You are covered in liquid flames!
* * * LOW HITPOINT WARNING * * *
You cannot drink potions in your current state!
Okay, then.
Unknown command.
You are covered in liquid flames!
You die...
Your body crumbles into a pile of gold.

#.......###.###.§.....##
##.....####+####§§...### #####'#
#.......3#....##
#######.###..............##
..........'...............#
...####.###................ #.#
#.# ##..............# #.#
#.#####............##
#.####.#.@.......####+###
.###.##.##....'.........###.####
.......)..)..##.........'.......
.....###.###.##........####.....
#.# ###'###.###......## ##'###+
#....##.# ######'# ##...#..
#+####..)..#.# #.# #.......
.....#.....#.### #.###.......
...........#...######...+.......


There were no monsters in sight!

Vanquished Creatures
  Jorgrun (Swamp:3)
  Rupert (D:12)
  6 thorn hunters
  Kirke (Swamp:2)
  Donald (Swamp:1)
  A frost giant (IceCv)
  An orc warlord (Orc:2)
  3 deep elf sorcerers
  2 deep elf elementalists (Elf:3)
  A deep elf demonologist (Elf:2)
  Azrael (Elf:1)
  A dire elephant (Lair:6)
  A deep elf death mage (Elf:1)
  Snorg (Lair:3)
  8 shambling mangroves
  21 hydras
  An anaconda (Lair:6)
  A catoblepas (Lair:5)
  2 ghost crabs (Swamp:3)
  5 alligators
  6 death yaks (Lair:6)
  An orc high priest (Orc:2)
  5 two-headed ogres
  Nergalle (Lair:3)
  12 deep elf knights
  An unseen horror (D:10)
  14 deep elf archers
  2 orc knights (Orc:2)
  9 swamp dragons
  2 lindwurms
  5 orc sorcerers (Orc:2)
  3 oklob plants
  51 deep elf magi
  A manticore (D:9)
  2 ugly things
  An ice statue (IceCv)
  23 elephants
  7 black mambas
  14 cane toads
  2 kobold demonologists (D:11)
  10 komodo dragons
  8 rime drakes
  2 demonic crawlers (Spider:1)
  4 trolls
  18 hornets
  19 polar bears
  9 tyrant leeches
  A queen bee (D:11)
  17 slime creatures
  12 blink frogs
  15 bog bodies
  4 hippogriffs
  A wraith (Ossuary)
  57 yaks
  Eustachio (D:4)
  A water elemental (Elf:2)
  5 spriggans
  A wyvern (D:12)
  2 shadows
  3 hogs (Swamp:2)
  An air elemental (Elf:2)
  A human (shapeshifter) (Elf:3)
  9 fire elementals
  17 vampire mosquitoes
  6 basilisks
  6 insubstantial wisps (Swamp:4)
  2 acid dragons
  14 swamp worms
  4 wargs
  11 water moccasins
  3 hell hounds (Elf:1)
  30 orc warriors
  12 porcupines
  4 sky beasts
  Purgy (Sewer)
  9 ogres
  14 swamp drakes
  2 ice beasts (D:12)
  A black bear (D:8)
  A phantom (D:12)
  An eye of draining (D:12)
  A necrophage (D:9)
  25 wolves
  11 centaurs
  15 crocodiles
  23 bullfrogs
  A big kobold (D:11)
  3 earth elementals
  A water moccasin skeleton (D:5)
  4 scorpions
  31 killer bees
  17 wights
  The ghost of Lanoc the Chiller, a weakling DrIE (D:3)
  4 howler monkeys
  A centaur zombie (D:8)
  A bullfrog zombie (D:12)
  5 jellies
  A quasit (D:8)
  2 bullfrog skeletons
  8 hounds
  3 centaur skeletons
  14 orc priests
  Natasha (twice) (D:2)
  9 iguanas
  23 orc wizards
  4 worker ants
  A killer bee zombie (D:10)
  A hound zombie (D:11)
  3 mummies (Ossuary)
  12 gnolls (D:3)
  A worker ant zombie (D:5)
  A howler monkey skeleton (D:4)
  16 adders
  A white imp (D:6)
  3 ufetubi
  3 oozes
  2 adder zombies (D:9)
  An adder skeleton (D:4)
  5 worms
  8 leopard geckos
  46 orcs
  8 bats
  8 giant cockroaches
  A gnoll zombie (Ossuary)
  5 goblins
  3 hobgoblins
  4 jackals
  12 kobolds
  5 quokkas
  5 ball pythons
  2 goblin zombies (Ossuary)
  4 hobgoblin zombies (Ossuary)
  A jackal skeleton (D:4)
  A leopard gecko skeleton (D:6)
  2 quokka zombies
  3 rats
939 creatures vanquished.

Vanquished Creatures (collateral kills)
  A dire elephant (Lair:6)
1 creature vanquished.

Vanquished Creatures (others)
  A hydra (Lair:5)
  12 dancing weapons
  A komodo dragon (Lair:5)
  A kobold (D:11)
  A bush (Swamp:4)
  142 fungi
  164 plants
  2 withered plants (D:7)
324 creatures vanquished.

Grand Total: 1264 creatures vanquished

Notes
Turn   | Place    | Note
-------+----------+-------------------------------------------
     0 | D:1      | Lugonue the Vine Stalker Transmuter began the quest for the
                  | Orb.
     0 | D:1      | Reached XP level 1. HP: 9/9 MP: 4/4
   319 | D:1      | Reached XP level 2. HP: 14/14 MP: 4/6
   841 | D:2      | Noticed an ogre
   886 | D:2      | Reached XP level 3. HP: 11/17 MP: 3/7
  1143 | D:2      | Gained mutation: Your natural rate of healing is unusually
                  | fast. [Vine Stalker growth]
  1143 | D:2      | Reached XP level 4. HP: 20/21 MP: 7/9
  1392 | D:2      | Killed an ogre
  1392 | D:2      | Reached skill level 1 in Fighting
  1392 | D:2      | Reached skill level 1 in Stealth
  1392 | D:2      | Reached skill level 3 in Spellcasting
  1392 | D:2      | Reached XP level 5. HP: 6/25 MP: 3/10
  1515 | D:2      | Noticed Natasha
  1529 | D:2      | Killed Natasha
  1606 | D:2      | Noticed Natasha
  1611 | D:2      | Killed Natasha
  2012 | D:3      | Reached XP level 6. HP: 30/30 MP: 9/12
  2338 | D:3      | Found a transporter.
  2422 | D:3      | Found a transporter.
  2447 | D:3      | Identified the +7 spear "Duin" {venom, *Rage rN+++ MR-
                  | MP+9}
  2471 | D:3      | Noticed Lanoc's ghost (weakling DrIE)
  2525 | D:3      | You fall into a shaft and drop 3 floors!
  2544 | D:6      | Reached skill level 5 in Unarmed Combat
  2544 | D:6      | Reached XP level 7. HP: 33/33 MP: 11/13
  2557 | D:5      | Entered Level 5 of the Dungeon
  2972 | D:4      | Found a staircase to the Ecumenical Temple.
  2991 | Temple   | Entered the Ecumenical Temple
  3153 | Temple   | Became a worshipper of Gozag Ym Sagoz the Greedy
  3200 | D:4      | Found a glowing drain.
  3225 | Sewer    | Entered a sewer
  3257 | Sewer    | Noticed Purgy
  3269 | Sewer    | Killed Purgy
  3269 | Sewer    | Gained mutation: You have razor-sharp teeth. [Vine Stalker
                  | growth]
  3269 | Sewer    | Reached XP level 8. HP: 23/39 MP: 11/14
  3525 | D:4      | Reached skill level 4 in Spellcasting
  4175 | D:4      | Noticed Eustachio
  4188 | D:4      | Learned a level 3 spell: Spider Form
  4213 | D:4      | Killed Eustachio
  4382 | D:5      | Found a snail-covered altar of Cheibriados.
  4611 | D:5      | Reached skill level 5 in Transmutations
  4931 | D:5      | Found a shimmering blue altar of Sif Muna.
  5180 | D:3      | Killed Lanoc's ghost
  5649 | D:5      | HP: 1/39 [orc warrior/+0 battleaxe (9)]
  5801 | D:6      | Reached XP level 9. HP: 43/43 MP: 16/16
  5845 | D:6      | Reached skill level 1 in Shields
  5864 | D:6      | Learned a level 5 spell: Blade Hands
  5993 | D:6      | Found Niupaec's General Store.
  6007 | D:6      | Bought a scroll of teleportation for 42 gold pieces
  6007 | D:6      | Bought a scroll of identify for 28 gold pieces
  6313 | D:7      | Found Xuushresh's Antique Armour Shoppe.
  6334 | D:7      | Found Menockun's Weapon Shop.
  6364 | D:7      | Found Licirok's Gadget Shoppe.
  6386 | D:7      | Reached skill level 5 in Stealth
  6397 | D:7      | Bought a tin of tremorstones (3/3) for 400 gold pieces
  6397 | D:7      | Bought a condenser vane (2/2) for 200 gold pieces
  6578 | D:7      | Bought a pair of glowing boots for 187 gold pieces
  6621 | D:7      | Reached skill level 5 in Spellcasting
  6792 | D:7      | Found Cahesave's General Store.
  6835 | D:7      | Found a runed translucent door.
  6835 | D:7      | Noticed Tenar's ghost (novice FoFi)
  7200 | D:8      | Found Fipik's General Store.
  7200 | D:8      | Noticed a two-headed ogre
  7212 | D:8      | Killed a two-headed ogre
  7212 | D:8      | Reached skill level 1 in Armour
  7212 | D:8      | Reached XP level 10. HP: 44/49 MP: 19/19
  7231 | D:8      | Found a sand-covered staircase.
  7241 | Ossuary  | Entered an ossuary
  7711 | D:7      | Bought a +2 buckler of protection for 258 gold pieces
  7905 | D:8      | Noticed a two-headed ogre
  7922 | D:8      | Killed a two-headed ogre
  7922 | D:8      | Reached skill level 10 in Unarmed Combat
  8022 | D:8      | Found a white marble altar of Elyvilon.
  8024 | D:8      | Found a bloodstained altar of Trog.
  8026 | D:8      | Found an ancient bone altar of Kikubaaqudgha.
  8381 | D:9      | Noticed a manticore
  8402 | D:9      | Killed a manticore
  8453 | D:9      | Reached skill level 1 in Evocations
  8483 | D:9      | Noticed a five-headed hydra
  8486 | D:9      | Found a staircase to the Lair.
  8618 | D:9      | Reached skill level 6 in Spellcasting
  8811 | D:9      | Found Natro's Gadget Shoppe.
  8830 | D:9      | Bought a wand of acid (8) for 312 gold pieces
  8852 | D:9      | Reached XP level 11. HP: 50/54 MP: 21/21
  9120 | D:9      | Killed a five-headed hydra
  9193 | Lair:1   | Entered Level 1 of the Lair of Beasts
  9414 | Lair:1   | Gained mutation: Armour fits poorly on your strangely
                  | shaped body. [mutagenic glow]
  9428 | Lair:1   | Reached skill level 5 in Fighting
  9610 | Lair:1   | Reached skill level 7 in Spellcasting
 10587 | Lair:2   | Gained mutation: You heal very quickly. [Vine Stalker
                  | growth]
 10587 | Lair:2   | Reached XP level 12. HP: 60/60 MP: 23/23
 10695 | Lair:2   | Found a staircase to the Swamp.
 10700 | Lair:2   | Reached skill level 5 in Shields
 10723 | Lair:2   | Reached skill level 10 in Stealth
 11232 | Lair:3   | Found a frozen archway.
 11244 | IceCv    | Entered an ice cave
 11303 | IceCv    | Reached skill level 8 in Spellcasting
 11604 | IceCv    | Reached skill level 5 in Dodging
 11730 | IceCv    | Reached skill level 9 in Spellcasting
 12100 | IceCv    | Noticed a frost giant
 12112 | IceCv    | Killed a frost giant
 12112 | IceCv    | Reached XP level 13. HP: 56/63 MP: 19/27
 12117 | IceCv    | Reached skill level 5 in Armour
 12266 | Lair:3   | Noticed Nergalle
 12301 | Lair:3   | Killed Nergalle
 12378 | Lair:3   | Found a hole to the Spider Nest.
 12417 | Lair:3   | Noticed Snorg
 12430 | Lair:3   | Learned a level 6 spell: Freezing Cloud
 12437 | Lair:3   | Learned a level 6 spell: Ozocubu's Refrigeration
 12452 | Lair:3   | Killed Snorg
 12452 | Lair:3   | Reached skill level 10 in Spellcasting
 12584 | Lair:3   | Reached skill level 10 in Transmutations
 12910 | Lair:3   | Bought the +4 robe of Augmentation {Str+4 Int+4 Dex+4} for
                  | 1481 gold pieces
 12910 | Lair:3   | Found the +4 robe of Augmentation {Str+4 Int+4 Dex+4}
 12910 | Lair:3   | Bought a scroll labeled WEIN GACARGH for 28 gold pieces
 13709 | Lair:4   | Found a runed translucent door.
 13709 | Lair:4   | Noticed Hiceoc's ghost (journeyman FeBe)
 14225 | Lair:5   | Reached skill level 11 in Spellcasting
 14235 | Lair:5   | Reached XP level 14. HP: 46/68 MP: 22/30
 14266 | Lair:5   | Found a staircase to the Slime Pits.
 14346 | Lair:5   | Found a gate leading to a gauntlet.
 15294 | Lair:6   | Entered Level 6 of the Lair of Beasts
 15983 | Lair:6   | Reached skill level 12 in Spellcasting
 16142 | Lair:6   | Noticed a dire elephant
 16142 | Lair:6   | Noticed a dire elephant
 16148 | Lair:6   | Noticed a dire elephant
 16313 | Lair:6   | Noticed a dire elephant
 16326 | Lair:6   | Killed a dire elephant
 16423 | Lair:6   | Reached skill level 5 in Evocations
 16492 | Lair:6   | Noticed a dire elephant
 16501 | Lair:6   | Killed a dire elephant
 16501 | Lair:6   | Reached skill level 1 in Ice Magic
 16739 | D:10     | Entered Level 10 of the Dungeon
 17772 | D:11     | Reached XP level 15. HP: 63/72 MP: 29/32
 17883 | D:11     | Reached skill level 5 in Ice Magic
 18286 | D:12     | Noticed Rupert
 18314 | D:12     | Killed Rupert
 18806 | D:12     | Found a staircase to the Orcish Mines.
 18858 | Orc:1    | Entered Level 1 of the Orcish Mines
 18991 | Orc:1    | Found a bloodstained altar of Trog.
 19439 | Orc:2    | Entered Level 2 of the Orcish Mines
 19480 | Orc:2    | Found Soulep's General Store.
 19498 | Orc:2    | Bought a scroll of teleportation for 42 gold pieces
 19498 | Orc:2    | Bought a scroll of holy word for 105 gold pieces
 19617 | Orc:2    | Found Zeedaac's Antique Armour Emporium.
 19790 | Orc:2    | Bought a twisted leather armour for 252 gold pieces
 19882 | Orc:2    | Identified the cursed +1 leather armour of Qorir {rF+ rN+
                  | Slay-3} (You bought it in a shop on level 2 of the Orcish
                  | Mines)
 20028 | Orc:2    | Found Isoi's Antique Weapon Shop.
 20071 | Orc:2    | Found a staircase to the Elven Halls.
 20089 | Orc:2    | Found Icwibate's Book Emporium.
 20291 | Orc:2    | Noticed an orc warlord
 20308 | Orc:2    | Killed an orc warlord
 20308 | Orc:2    | Reached skill level 10 in Ice Magic
 20339 | Orc:2    | Bought a manual of Air Magic for 1876 gold pieces
 20339 | Orc:2    | Bought a book of Air for 595 gold pieces
 20436 | Orc:2    | Found a roughly hewn altar of Beogh.
 20668 | Elf:1    | Entered Level 1 of the Elven Halls
 20702 | Orc:1    | Learned a level 4 spell: Airstrike
 20877 | Swamp:1  | Entered Level 1 of the Swamp
 21644 | Swamp:1  | Noticed Donald
 21656 | Swamp:1  | Killed Donald
 21656 | Swamp:1  | Reached skill level 5 in Air Magic
 21821 | Swamp:1  | You are sucked into a shaft and drop 1 floor!
 22527 | Swamp:2  | Noticed Kirke
 22536 | Swamp:2  | Killed Kirke
 23009 | Swamp:3  | Reached XP level 16. HP: 76/76 MP: 8/33
 23113 | Swamp:3  | Reached skill level 13 in Spellcasting
 23353 | Swamp:3  | Noticed Jorgrun
 23364 | Swamp:3  | Noticed a thorn hunter
 23390 | Swamp:3  | Noticed a thorn hunter
 23401 | Swamp:3  | Noticed a thorn hunter
 23437 | Swamp:3  | Noticed a thorn hunter
 23442 | Swamp:3  | Killed a thorn hunter
 23767 | Swamp:3  | Killed a thorn hunter
 23830 | Swamp:3  | Killed a thorn hunter
 23919 | Swamp:3  | Reached skill level 14 in Spellcasting
 23939 | Swamp:3  | Noticed a thorn hunter
 24246 | Swamp:3  | Killed Jorgrun
 24246 | Swamp:3  | Reached skill level 10 in Air Magic
 24248 | Swamp:3  | Killed a thorn hunter
 24296 | Swamp:3  | Bought a scroll of acquirement for 624 gold pieces
 24296 | Swamp:3  | Bought a scroll of blinking for 90 gold pieces
 24296 | Swamp:3  | Bought a scroll of identify for 24 gold pieces
 24296 | Swamp:3  | Bought a scroll of identify for 24 gold pieces
 24297 | Swamp:3  | Acquired the amulet of Meadutag {RegenMP Int+4}
 24423 | Swamp:3  | Killed a thorn hunter
 24955 | Swamp:4  | Entered Level 4 of the Swamp
 25114 | Swamp:4  | Reached skill level 15 in Spellcasting
 25245 | Swamp:4  | Found a runed translucent gate.
 25265 | Swamp:4  | Noticed SatoMori's ghost (journeyman MiBe)
 25414 | Swamp:4  | Found a runed translucent gate.
 25595 | Swamp:4  | Reached XP level 17. HP: 57/81 MP: 5/37
 25755 | Swamp:4  | Reached skill level 16 in Spellcasting
 25964 | Swamp:4  | Got a decaying rune of Zot
 26073 | Swamp:4  | Found a runed translucent gate.
 26584 | Spider:1 | Entered Level 1 of the Spider Nest
 26590 | Spider:1 | Noticed Nikola
 26654 | Lair:3   | Bought the ring of Atheism {+Blink rPois rC+ Int+9 Dex-5}
                  | for 980 gold pieces
 26851 | Orc:2    | Learned a level 5 spell: Silence
 26857 | Orc:2    | Learned a level 5 spell: Lightning Bolt
 27192 | Elf:1    | Reached skill level 17 in Spellcasting
 27758 | Elf:1    | Got a pair of crude boots
 27770 | Elf:1    | Identified the cursed +0 pair of boots of a wizard's
                  | laboratory {*Contam Harm rElec rC+++} (You found it on
                  | level 1 of the Elven Halls)
 27889 | Elf:1    | Noticed Azrael
 27891 | Elf:1    | Killed Azrael
 28322 | Elf:1    | Found Kamywya's Gadget Boutique.
 28340 | Elf:1    | Bought a lightning rod (4/4) for 520 gold pieces
 28340 | Elf:1    | Bought a box of beasts (3/3) for 260 gold pieces
 28733 | Elf:2    | Found a huge runed translucent gate.
 28733 | Elf:2    | Found a huge runed translucent gate.
 28734 | Elf:2    | Found a huge runed translucent gate.
 28750 | Elf:2    | Found a huge runed translucent gate.
 28754 | Elf:2    | Found a huge runed translucent gate.
 28942 | Elf:2    | Identified the +4 scimitar "Bena" {freeze, *Rage *Noise
                  | rC+++ rN++}
 28959 | Elf:2    | Reached XP level 18. HP: 72/86 MP: 29/40
 29157 | Elf:2    | Reached skill level 18 in Spellcasting
 29477 | Elf:3    | Entered Level 3 of the Elven Halls
 29893 | Elf:3    | HP: 2/86 [burnt (9)]
 29894 | Elf:3    | Incinerated by a smoke demon

Illustrated notes

Levels and vault maps discovered:
D:1:      minmay_arrival_four_circles, layout_basic, kennysheep_nondescript
D:2:      minmay_evil_eye, layout_basic, corexii_hall_statues_x, uniq_natasha
D:3:      layout_basic, gammafunk_ghost_gnarly_gnolls
D:4:      layout_basic, minmay_temple_entry_large_hall, portal_sewer_entry_f,
          roderic_lattice_a, uniq_eustachio
D:5:      minmay_bubble_buster, layout_basic, led_sif_pool, basic_altar,
          kennysheep_generic_room_5
D:6:      layout_cave_pools, serial_shops, shop_statue
D:7:      layout_loops_ring, gammafunk_ghost_grave, serial_shops, shop, shop,
          shop_fountains, shop
D:8:      layout_gridville, grunt_temple_overflow_open, enter_ossuary_1,
          serial_shops, nicolae_shop_crystal
D:9:      layout_small_grid, due_lair_maze_entry_diamond, serial_shops, shop
D:10:     layout_loops_corners
D:11:     layout_basic, special_room [special_room_bee]
D:12:     layout_rooms, orc_0_dummy, serial_curves, eino_curves_03,
          eino_curves_03, eino_curves_02, eino_curves_02, grunt_ministairs_4,
          drop_trap, uniq_rupert
Temple:   dpeg_five_rooms_temple
Lair:1:   beast_lair_carwin_large_4, layout_gridlike, serial_forest,
          infiniplex_forest_straight_4, infiniplex_forest_zigzag_2,
          infiniplex_forest_zigzag_1, infiniplex_forest_clump_double,
          infiniplex_forest_lined_4_way, infiniplex_forest_straight_4,
          infiniplex_forest_lined_room_, infiniplex_forest_clump_small
Lair:2:   layout_loops_ring, minmay_swamp_entry_swarm,
          chequers_serial_rivers_micro_d
Lair:3:   minmay_lair_venomous_thicket, layout_concentric_octagons,
          dummy_spider_entry, portal_ice_cave_rime,
          nicolae_quartered_pool_super, beast_lair_carwin_9,
          lemuel_fruit_fields, uniq_nergalle, uniq_snorg
Lair:4:   layout_long_grid, ebering_ghost_reflecting_pool
Lair:5:   beast_lair_carwin_large_2, layout_regular_city,
          nicolae_slime_entry_slimehenge, gauntlet_entry_generic,
          cheibrodos_lair_lostbears
Lair:6:   due_jungle_book, layout_regular_city, minivault_25
Swamp:1:  layout_basic_swamp, serial_swamp_ruin, evilmike_swamp_ruin_rubble_2,
          evilmike_swamp_ruin_rubble_1, st_swamp_ruins_3, uniq_donald
Swamp:2:  layout_falls_marsh, evilmike_swamp_ruin_house_4, uniq_kirke
Swamp:3:  nicolae_swamp_phyte_club, layout_falls_marsh,
          nicolae_swamp_trees_clearing, uniq_jorgrun
Swamp:4:  grunt_swamp_rune_castle, layout_basic_swamp,
          gammafunk_ghost_hydra_chop
Spider:1: layout_spider_delve, nicolae_spider_circle_web, drop_trap,
          uniq_louise, uniq_nikola, uniq_roxanne
Orc:1:    layout_caves, basic_altar
Orc:2:    grunt_orc_gardens, layout_diamond_mine, grunt_orc_garden,
          grunt_orc_garden, grunt_orc_garden, grunt_orc_garden,
          nicolae_orc_damp_corner, david_defended_altar_orc
Elf:1:    eino_elf_arrival_customs, layout_loops_corners, serial_shops,
          nicolae_shop_window_shopping, hangedman_elven_crosses_minicolossus,
          uniq_azrael
Elf:2:    layout_geoelf_octagon, grunt_ministairs_2, lemuel_elevator
Elf:3:    minmay_elf_hall_curves, layout_gridlike, minmay_elf_sorcery

Skill      XL: |  1  2  3  4  5  6  7  8  9 10 11 12 13 14 15 16 17 18 |
---------------+-------------------------------------------------------+-----
Fighting       | 1 2 3 4 5 |  5.8
Stealth        | 1 2 3 4 6 8 9 10 | 10.0
Unarmed Combat | 4 5 6 7 9 10 | 10.0
Spellcasting   | 3 4 5 6 7 9 11 12 15 17 18 | 18.3
Transmutations | 3 4 5 6 7 9 10 11 | 11.6
Dodging        | 2 3 4 5 7 8 |  8.1
Shields        | 1 2 4 5 |  5.0
Armour         | 1 2 3 4 5 6 |  6.6
Evocations     | 1 2 3 5 |  5.0
Ice Magic      | 4 10 | 10.0
Air Magic      | 7 10 12 13 | 13.5
Poison Magic   | |  0.3

Action                   |  1- 3 |  4- 6 |  7- 9 | 10-12 | 13-15 | 16-18 || total
-------------------------+-------+-------+-------+-------+-------+-------++-------
Melee: Unarmed           |    42 |   102 |   392 |   725 |   965 |   400 ||  2626
       Bite              |    14 |    27 |    95 |   213 |   358 |   162 ||   869
       Kick              |     7 |    21 |    52 |     1 |       |       ||    81
       Headbutt          |     4 |    15 |    29 |     2 |       |       ||    50
       Punch             |       |     1 |       |     7 |    37 |     8 ||    53
Throw: Throwing net      |       |       |       |       |       |     1 ||     1
 Cast: Beastly Appendage |    10 |    17 |    30 |     1 |       |       ||    58
       Spider Form       |       |       |     4 |       |       |       ||     4
       Blade Hands       |       |       |       |    18 |    75 |    18 ||   111
       Ozocubu's Refrige |       |       |       |       |    33 |   143 ||   176
       Airstrike         |       |       |       |       |    15 |   153 ||   168
       Lightning Bolt    |       |       |       |       |       |    13 ||    13
       Freezing Cloud    |       |       |       |       |       |     5 ||     5
       Silence           |       |       |       |       |       |     3 ||     3
Invok: Call Merchant     |       |       |       |       |     1 |     2 ||     3
 Abil: End Transformatio |       |       |       |       |    10 |    10 ||    20
Evoke: Wand              |       |       |    14 |    36 |    18 |    11 ||    79
       Condenser vane    |       |       |     1 |     2 |     4 |     2 ||     9
       Tin of tremorston |       |       |       |     3 |     8 |     2 ||    13
       Phantom mirror    |       |       |       |       |     2 |     1 ||     3
  Use: Scroll            |     1 |     2 |    12 |     9 |    15 |    12 ||    51
       Potion            |       |       |     3 |     2 |     3 |     1 ||     9
 Stab: Sleeping          |     2 |     2 |    11 |    13 |    14 |     3 ||    45
       Distracted        |       |     1 |       |    10 |    17 |     6 ||    34
       Invisible         |       |       |     1 |       |       |       ||     1
       Confused          |       |       |       |       |     4 |       ||     4
       Petrified         |       |       |       |       |     3 |       ||     3
       Petrifying        |       |       |       |       |     1 |       ||     1
       Paralysed         |       |       |       |       |       |     5 ||     5
Armor: Robe              |     7 |    20 |    44 |       |   220 |   122 ||   413
       Leather armour    |       |       |    79 |   206 |    27 |       ||   312
       Skin              |       |       |     4 |       |       |       ||     4
Dodge: Dodged            |    26 |    53 |   222 |   256 |   571 |   217 ||  1345
Block: Buckler           |       |     6 |    52 |   253 |   185 |   104 ||   600
       Other             |       |       |       |    30 |   116 |    10 ||   156
       Reflection        |       |       |       |       |    20 |     1 ||    21

Table legend: (Time is in decaauts)
 A = Elapsed time spent in this place.
 B = Non-inter-level travel time spent in this place.
 C = Inter-level travel time spent in this place.
 D = Time resting spent in this place.
 E = Time spent auto-exploring this place.
 F = Levels seen in this place.
 G = Mean time per level.
                   A        B        C        D        E       F      G
               +--------+--------+--------+--------+--------+-----+--------+
         Total |  29470 |  27563 |   1907 |   1296 |  18117 |  32 |  920.9 |
       Dungeon |  10686 |   9821 |    865 |    166 |   6677 |  12 |  890.5 |
        Temple |    196 |    166 |     30 |      0 |    157 |   1 |  196.0 |
          Lair |   6978 |   6325 |    653 |    278 |   4191 |   6 | 1163.0 |
         Swamp |   5166 |   5040 |    126 |    402 |   3244 |   4 | 1291.5 |
   Spider Nest |     10 |     10 |      0 |      0 |      0 |   1 |   10.0 |
  Orcish Mines |   1929 |   1740 |    189 |      0 |   1332 |   2 |  964.5 |
   Elven Halls |   3010 |   2968 |     42 |    252 |   1861 |   3 | 1003.3 |
         Sewer |    190 |    190 |      0 |      0 |    129 |   1 |  190.0 |
       Ossuary |    403 |    403 |      0 |      0 |    290 |   1 |  403.0 |
      Ice Cave |    898 |    898 |      0 |    198 |    236 |   1 |  898.0 |
               +--------+--------+--------+--------+--------+-----+--------+

Top non-repeatable levels by time:
 Swamp:3: 1952 daAuts
   Elf:1: 1690 daAuts
 Swamp:4: 1506 daAuts
  Lair:2: 1306 daAuts
     D:5: 1291 daAuts
   Orc:2: 1288 daAuts
  Lair:6: 1192 daAuts
 Swamp:2: 1185 daAuts
  Lair:5: 1185 daAuts
  Lair:1: 1171 daAuts
     D:2: 1136 daAuts
  Lair:4: 1121 daAuts
     D:4: 1078 daAuts
  Lair:3: 1001 daAuts
     D:9: 986 daAuts
